AoeStats
← Ebrio

Arena

506284531Analyzed
4v4 RM · 20d ago on Sep 13, 2026· 36m 23s· 8 players
Game mode
Random Map
Map size
Large (8 player)
Population
200
Speed
Normal
Resources
Standard
Victory
Conquest
Starting age
Dark Age
Ending age
Imperial Age
RankedLock teamsTeams togetherTeam positionsShared explorationLock speedFull tech treeHidden civsTurbo modeCheats
Victory
Defeat
🇲🇽 Poles · Mexico
981
+14
🇨🇱 Mongols · Chile
967
+14
🇦🇷 Chinese · Argentina
966
+14
🇦🇷 Persians · Argentina
908
+17
🇺🇸 Vikings · United States
945
-15
🇯🇵 Khmer · Japan
930
-15
🇺🇸 Khmer · United States
924
-15
🇲🇽 Goths · Mexico
921
-14
TeGoat95
11:07 Feudal Age
11:38 Double-Bit Axe
12:58 Horse Collar
16:14 Castle Age
15:58 Stone Mining
17:35 Stone Shaft Mining
24:20 Loom
26:17 Gold Mining
26:30 Pikeman
28:55 Heavy Plow
34:53 Imperial Age
33:01 Wheelbarrow
34:51 Bow Saw
35:08 Elite Huskarl
35:51 Scale Mail Armor
36:02 Forging
36:08 Anarchy
35:44 Halberdier
Anipazronkin
0:34 Loom
13:48 Feudal Age
15:23 Double-Bit Axe
15:20 Horse Collar
15:34 Gold Mining
lesserpanda1300
2:23 Loom
12:31 Feudal Age
13:01 Double-Bit Axe
12:59 Horse Collar
20:01 Castle Age
17:56 Stone Mining
17:59 Gold Mining
18:07 Fletching
18:57 Bloodlines
19:11 Forging
19:41 Scale Barding Armor
21:42 Bow Saw
21:37 Heavy Plow
22:42 Wheelbarrow
27:47 Bodkin Arrow
30:45 Imperial Age
31:03 Chain Barding Armor
31:19 Iron Casting
30:51 Husbandry
30:12 Light Cavalry
32:28 Conscription
32:28 Double Crossbow
33:38 Crop Rotation
33:39 Ballistics
33:16 Murder Holes
33:51 Heavy Scorpion
BIZONADE
12:07 Feudal Age
14:53 Castle Age
13:09 Horse Collar
13:17 Double-Bit Axe
20:39 Stone Mining
25:39 Heavy Plow
27:29 Gold Mining
32:09 Imperial Age
30:51 Loom
31:42 Wheelbarrow
30:52 Town Watch
32:25 Fortified Wall
33:03 Fletching
34:54 Bloodlines
34:05 Light Cavalry
34:46 Husbandry
34:44 Bodkin Arrow
36:01 Ballistics
35:47 Siege Engineers
36:43 Chemistry
35:39 Murder Holes
35:55 Masonry
Master Blaster
0:26 Loom
9:08 Feudal Age
9:42 Double-Bit Axe
9:38 Horse Collar
15:09 Scale Barding Armor
14:57 Gold Mining
15:42 Bloodlines
18:27 Forging
20:49 Scale Mail Armor
20:41 Fletching
24:44 Castle Age
24:37 Stone Mining
26:19 Heavy Plow
26:56 Stone Shaft Mining
26:33 Bow Saw
26:28 Husbandry
25:49 Light Cavalry
27:12 Wheelbarrow
27:59 Chain Barding Armor
28:15 Iron Casting
27:36 Bodkin Arrow
27:57 Chain Mail Armor
28:38 Town Watch
29:21 Fervor
29:32 Sanctity
32:35 Hand Cart
32:48 Ballistics
32:24 Murder Holes
32:39 Masonry
33:27 Caravan
36:31 Imperial Age
35:16 Squires
35:01 Arson
34:37 Pikeman
34:38 Man-at-Arms
35:36 Padded Archer Armor
36:35 Town Patrol
GUISO DE LENTEJAS
12:14 Feudal Age
16:43 Castle Age
15:40 Double-Bit Axe
15:37 Horse Collar
16:45 Wheelbarrow
18:09 Heavy Plow
20:11 Bow Saw
20:44 Loom
25:55 Gold Mining
32:09 Imperial Age
30:24 Gold Shaft Mining
30:29 Hand Cart
32:03 Ballistics
31:49 Padded Archer Armor
31:39 Fletching
32:48 Heavy Scorpion
35:49 Rocketry
34:55 Elite Chu Ko Nu
37:24 Two-Man Saw
35:59 Capped Ram
the._.voice
6:37 Loom
8:40 Feudal Age
9:33 Double-Bit Axe
11:13 Wheelbarrow
16:14 Castle Age
17:25 Bow Saw
32:40 Hand Cart
32:17 Fletching
33:30 Bodkin Arrow
Ebrio
0:30 Loom
12:10 Feudal Age
13:43 Double-Bit Axe
13:40 Horse Collar
16:47 Castle Age
16:43 Wheelbarrow
17:20 Heavy Plow
17:32 Bow Saw
22:07 Gold Mining
22:11 Stone Mining
30:54 Imperial Age
30:08 Gold Shaft Mining
30:10 Stone Shaft Mining
30:14 Scale Barding Armor
30:20 Forging
31:14 Bloodlines
30:42 Cavalier
32:01 Husbandry
32:43 Hand Cart
32:14 Town Watch
32:10 Savar
36:10 Chain Barding Armor
36:26 Iron Casting
Connection lost

Rejoining the realm…

Still unreachable

The connection could not be restored.

Session expired

The server has moved on; the page needs a fresh start.